 Dungeon Crawl Stone Soup version 0.23.2-40-g277498a001 (webtiles) character file.

Game seed: 7671501342361705740

6703 KamiKatze the Cleaver (level 10, -3/90 HPs)
             Began as a Centaur Fighter on Oct 1, 2019.
             Was a High Priest of Okawaru.
             Slain by a manticore (6 damage)
             ... on level 11 of the Dungeon on Oct 2, 2019.
             The game lasted 00:54:20 (11479 turns).

KamiKatze the Cleaver (Centaur Fighter)            Turns: 11479, Time: 00:54:20

Health: -3/90      AC:  7    Str: 23    XL:     10   Next: 74%
Magic:  0/12       EV:  5    Int:  7    God:    Okawaru [*****.]
Gold:   483        SH: 10    Dex:  8    Spells: 1/9 levels left

rFire    . . .     SeeInvis .   g - +2 war axe (vamp)
rCold    . . .     Gourm    .   c - +0 shield
rNeg     . . .     Faith    .   N - +0 chain mail
rPois    +         Spirit   +   (no helmet)
rElec    .         Reflect  .   (no cloak)
rCorr    .         Harm     .   (no gloves)
MR       .....                  (no barding)
Stlth    ..........             T - amulet of guardian spirit
HPRegen  0.25/turn              k - ring of poison resistance
MPRegen  0.13/turn              (no ring)

@: very quick
A: large, hooves 3, deformed body, speed 2, tough skin 3
a: Heroism, Finesse, Renounce Religion


You were on level 11 of the Dungeon.
You worshipped Okawaru.
Okawaru was extremely pleased with you.
You were not hungry.

You visited 2 branches of the dungeon, and saw 12 of its levels.
You also visited: Sewer.

You collected 585 gold pieces.
You spent 102 gold pieces at shops.

Inventory:

Hand Weapons
 a - a +1 war axe
 b - a +0 hand axe
 g - a +2 vampiric war axe (weapon)
 A - a +0 blowgun
 M - a +0 broad axe
 W - the +4 dagger "Morg" {pain, MR+ Int+5}
   (You found it on level 6 of the Dungeon)

   In the hands of one skilled in necromantic magic, it inflicts extra damage on
   living creatures.
   It affects your intelligence (+5).
   It affects your resistance to hostile enchantments.
 Y - a +0 battleaxe
 Z - a +2 morningstar of crushing
Missiles
 l - 57 poisoned needles
 n - 296 stones
 o - 164 arrows
 K - 58 bolts
 R - 6 needles of confusion
 U - 12 tomahawks (quivered)
 V - 2 javelins of returning
Armour
 c - a +0 shield (worn)
 L - a +0 plate armour
 N - a +0 chain mail (worn)
Jewellery
 k - a ring of poison resistance (left hand)
 p - a +4 amulet of reflection
 w - an uncursed amulet of magic regeneration
 T - an amulet of guardian spirit (around neck)
Wands
 i - a wand of disintegration (6)
 u - a wand of iceblast (6)
 P - a wand of acid (8)
 Q - a wand of clouds (6)
 S - a wand of flame (10)
Scrolls
 e - 2 scrolls of amnesia
 q - 3 scrolls of enchant weapon
 s - 8 scrolls of teleportation
 y - 2 scrolls of enchant armour
 C - 9 scrolls of remove curse
 G - 2 scrolls of magic mapping
 J - a scroll of fog
 X - 2 scrolls of identify
Potions
 d - 3 potions of might
 h - 3 potions of brilliance
 j - a potion of invisibility
 m - 4 potions of curing
 t - a potion of cancellation
 v - a potion of ambrosia
 x - 2 potions of agility
 z - 5 potions of lignification
 B - a potion of haste
 D - 5 potions of heal wounds
 E - a potion of mutation
 F - 2 potions of resistance
 I - 2 potions of flight
Comestibles
 f - 25 rations


   Skills:
 + Level 8.4 Fighting
 * Level 10.3 Axes
 + Level 2.6 Armour
 + Level 1.1 Dodging
 + Level 6.5 Shields
 * Level 2.9 Invocations
 - Level 2.2 Evocations


You had one spell level left.
You knew the following spells:

 Your Spells              Type           Power        Failure   Level  Hunger
a - Apportation           Tloc           #.....       100%        1    ##.....
x - Malign Gateway        Summ/Tloc      #.........   100%        7    #######

Your spell library contained the following spells:

 Spells                   Type           Power        Failure   Level  Hunger
 Confusing Touch          Hex            #.....       100%        1    ##.....
 Sting                    Conj/Pois      #...         100%        1    ##.....
 Shroud of Golubria       Chrm/Tloc      #.........   100%        2    ###....
 Confuse                  Hex            #.......     100%        3    ####...
 Gell's Gravitas          Tloc           #.........   100%        3    ####...
 Portal Projectile        Hex/Tloc       #.....       100%        3    ####...
 Recall                   Summ/Tloc      N/A          100%        3    ####...
 Spider Form              Tmut/Pois      #.........   100%        3    ####...
 Petrify                  Tmut/Erth      #.......     100%        4    #####..
 Metabolic Englaciation   Hex/Ice        #.........   100%        5    ######.
 Yara's Violent Unravell  Hex/Tmut       #.........   100%        5    ######.


Dungeon Overview and Level Annotations

Branches:
Dungeon (11/15)            Temple (1/1) D:4
   Lair: D:8-11         Orc: D:9-12

Altars:
Ashenzari
Cheibriados
Dithmenos
Elyvilon
Fedhas
Gozag
Hepliaklqana
Kikubaaqudgha
Makhleb
Nemelex Xobeh
Okawaru
Qazlal
Ru
Sif Muna
Trog
Uskayaw
Vehumet
Wu Jian
Xom
Yredelemnul
Zin
The Shining One

Shops:
D:8 ?   D:10 [

Annotations:
D:10 2 transporters, mrkaede's ghost, journeyman MiFi


Innate Abilities, Weirdness & Mutations

You have hooves in place of feet.
Armour fits poorly on your strangely shaped body.
You cover ground very quickly.
You have extremely tough skin. (AC +3)


Message History

You hit the manticore but do no damage. You kick the manticore.
The manticore is almost dead.
You block the manticore's attack. x2; The manticore claws you!
* * * LOW HITPOINT WARNING * * *
Unknown command.
You feel much better.
A wolf comes into view.
The manticore bites you!
* * * LOW HITPOINT WARNING * * *
The manticore barely misses you. The manticore claws you.
* * * LOW HITPOINT WARNING * * *
You hit the manticore but do no damage. You kick the manticore.
The manticore is almost dead.
The manticore bites you!
* * * LOW HITPOINT WARNING * * *
The hound barks!
The manticore claws you.
* * * LOW HITPOINT WARNING * * *
The manticore claws you.
You die...

#.......# #
###......## ###
#.......## ##..
#.........#######...
.......#####)..).[....
####### ##.......).<.
###....#####...
#####.....## ##..
##H@.....### ##.
##..####### ## #..h#
#.##h# ... #..# #...
..... ##. ≈...≈h≈. #.
..≈..≈≈≈.≈≈
...≈≈≈≈≈≈≈;≈


You could see a manticore, a wolf and a hound.

Vanquished Creatures
  A two-headed ogre (D:10)
  A troll (D:9)
  A hornet (D:8)
  2 hippogriffs
  A wyvern (D:9)
  A water moccasin (D:8)
  An orc warrior (D:5)
  A necrophage (D:5)
  2 sky beasts
  An ice beast (D:7)
  A black bear (D:7)
  7 ogres
  A phantom (D:10)
  2 centaurs
  A crocodile (D:9)
  A big kobold (D:11)
  8 bullfrogs
  A gnoll sergeant (D:7)
  2 scorpions (D:8)
  13 killer bees
  10 wights
  3 howler monkeys
  4 crimson imps
  3 bullfrog zombies
  2 centaur zombies
  2 centaur skeletons
  4 jellies
  3 orc priests
  4 hounds
  5 orc wizards
  4 bullfrog skeletons
  5 iguanas
  14 worker ants
  2 worker ant zombies
  4 gnolls
  13 adders
  2 howler monkey skeletons
  2 river rats (D:6)
  A shadow imp (D:5)
  7 oozes
  2 adder skeletons
  2 worms
  2 dart slugs
  6 leopard geckos
  21 orcs
  11 giant cockroaches
  8 goblins
  7 hobgoblins
  8 jackals
  4 quokkas
  9 ball pythons
  6 bats
  5 frilled lizards
  A jackal skeleton (D:4)
  A jackal zombie (D:5)
  9 kobolds
  2 rats (D:3)
247 creatures vanquished.

Notes
Turn   | Place    | Note
-------+----------+-------------------------------------------
     0 | D:1      | KamiKatze the Centaur Fighter began the quest for the Orb.
     0 | D:1      | Reached XP level 1. HP: 19/19 MP: 1/1
    93 | D:1      | Reached skill level 2 in Axes
   160 | D:1      | Reached XP level 2. HP: 21/26 MP: 2/2
   652 | D:2      | Reached XP level 3. HP: 29/31 MP: 3/3
  1130 | D:2      | Found a glowing golden altar of the Shining One.
  1130 | D:2      | Found an iron altar of Okawaru.
  1132 | D:2      | Found a shattered altar of Ashenzari.
  1138 | D:2      | Became a worshipper of Warmaster Okawaru
  1142 | D:2      | Reached skill level 3 in Axes
  1245 | D:2      | Reached XP level 4. HP: 26/38 MP: 4/4
  1555 | D:3      | Found a faded altar of an unknown god.
  1842 | D:3      | Found a bloodstained altar of Trog.
  1842 | D:3      | Found an opulent altar of Gozag.
  2064 | D:3      | Found a shimmering altar of Xom.
  2158 | D:4      | Reached XP level 5. HP: 24/46 MP: 5/5
  2364 | D:4      | Noticed an ice beast
  2413 | D:4      | Found a staircase to the Ecumenical Temple.
  2430 | Temple   | Entered the Ecumenical Temple
  2817 | D:4      | Noticed an ogre
  3391 | D:5      | Entered Level 5 of the Dungeon
  3408 | D:5      | Reached skill level 4 in Axes
  3425 | D:5      | Reached * piety under Okawaru
  3620 | D:5      | Reached XP level 6. HP: 31/52 MP: 6/6
  3900 | D:5      | Reached skill level 1 in Invocations
  3986 | D:5      | Reached skill level 1 in Evocations
  4216 | D:5      | Reached XP level 7. HP: 59/60 MP: 8/8
  4325 | D:6      | Found a glowing drain.
  4527 | Sewer    | Entered a sewer
  4854 | Sewer    | Reached ** piety under Okawaru
  4854 | Sewer    | Reached skill level 5 in Axes
  5065 | Sewer    | Identified the Volume of Quantum Poisoning
  5319 | D:6      | Found a basalt altar of Yredelemnul.
  5666 | D:6      | Reached skill level 5 in Fighting
  5761 | D:6      | Found the +4 dagger "Morg" {pain, MR+ Int+5}
  6211 | D:6      | Reached XP level 8. HP: 48/68 MP: 6/9
  6263 | D:6      | Reached skill level 6 in Axes
  6466 | D:7      | Noticed a hippogriff
  6598 | D:7      | Found a shattered altar of Ashenzari.
  6735 | D:7      | Reached skill level 7 in Axes
  6878 | D:6      | Reached *** piety under Okawaru
  7053 | D:7      | Reached XP level 9. HP: 77/77 MP: 7/10
  7360 | D:7      | Reached skill level 5 in Shields
  7675 | D:8      | Reached skill level 8 in Axes
  7698 | D:8      | Found Oneim's Magic Scroll Shoppe.
  7707 | D:8      | Bought a scroll of random uselessness for 12 gold pieces
  7707 | D:8      | Bought a scroll of enchant armour for 90 gold pieces
  7773 | D:8      | Paralysed by a hornet for 1 turns
  8000 | D:8      | Reached **** piety under Okawaru
  8036 | D:8      | Received a gift from Okawaru
  8335 | D:8      | Reached skill level 9 in Axes
  8936 | D:9      | Found a stormy altar of Qazlal.
  8947 | D:9      | Reached XP level 10. HP: 79/86 MP: 11/11
  9877 | D:10     | Entered Level 10 of the Dungeon
  9914 | D:10     | Learned a level 1 spell: Apportation
  9922 | D:10     | Learned a level 7 spell: Malign Gateway
  9994 | D:10     | Found Vyogon's Armour Shop.
  9994 | D:10     | Found a transporter.
 10007 | D:10     | Reached skill level 10 in Axes
 10070 | D:10     | Noticed a two-headed ogre
 10181 | D:10     | Killed a two-headed ogre
 10181 | D:10     | Reached ***** piety under Okawaru
 10483 | D:10     | Noticed mrkaede's ghost (journeyman MiFi)
 10550 | D:10     | Found a transporter.
 10780 | D:10     | Reached skill level 1 in Dodging
 11162 | D:11     | Noticed a two-headed ogre
 11322 | D:11     | Received a gift from Okawaru
 11460 | D:11     | Noticed a manticore
 11477 | D:11     | HP: 2/90 [manticore (7)]
 11479 | D:11     | Slain by a manticore

Skill      XL: |  1  2  3  4  5  6  7  8  9 10 |
---------------+-------------------------------+-----
Axes           | 2 3 4 5 7 9 10 | 10.3
Fighting       | 4 5 6 7 8 |  8.4
Shields        | 3 4 5 6 |  6.5
Invocations    | 2 |  2.9
Evocations     | 1 2 |  2.2
Dodging        | 1 |  1.1
Armour         | |  2.6

Action                   |  1- 3 |  4- 6 |  7- 9 | 10-12 || total
-------------------------+-------+-------+-------+-------++-------
Melee: War axe           |    31 |       |   193 |   171 ||   395
       Kick              |    14 |    43 |   117 |    71 ||   245
       Hand axe          |    76 |   191 |   238 |    75 ||   580
       Whip              |       |     5 |       |       ||     5
Throw: Stone             |     9 |     2 |    13 |     2 ||    26
       Javelin           |       |     4 |     4 |     2 ||    10
       Tomahawk          |       |       |    15 |    25 ||    40
Invok: Heroism           |       |       |     3 |     2 ||     5
  Use: Scroll            |     5 |     5 |     8 |     6 ||    24
       Potion            |       |       |     1 |     1 ||     2
  Eat: Chunk             |       |     8 |    13 |     6 ||    27
       Ration            |       |       |       |     2 ||     2
Armor: Scale mail        |    60 |    39 |       |       ||    99
       Chain mail        |       |    32 |   171 |    51 ||   254
Dodge: Dodged            |    32 |    30 |    50 |    39 ||   151
Block: Shield            |    45 |    74 |   200 |    99 ||   418
